| 
	| TOP OF THE 1ST | 
|---|
 
		| Arkansas Travelers batting - Pitching for Bowie Baysox : RHP Jonathan Spicer |  
		| Pitching: RHP Jonathan Spicer |  |  
		| Batting: RHB Nick Lombardo | 0-0:  Fly out, F8  (Line Drive, 8LD, EV 96.2 MPH) |  
		| Batting: RHB Ricky Mejicanos | 0-0: Ball 1-0: Foul Ball, location: 2F
 1-1:  Fly out, F9  (Flyball, 9LM, EV 91.2 MPH)
 |  
		| Batting: RHB Juan Montez | 0-0: Foul Ball, location: 2F 0-1: Ball
 1-1: Ground out 3-1 (Groundball, 34S, EV 83.1 MPH)
 |  
		| Top of the 1st over - 0 runs, 0 hits, 0 errors, 0 left on base; Arkansas 0 - Bowie 0 |  
	| BOTTOM OF THE 1ST | 
|---|
 
		| Bowie Baysox batting - Pitching for Arkansas Travelers : RHP Getachew El Sayed |  
		| Pitching: RHP Getachew El Sayed |  |  
		| Batting: RHB Alfredo Reguera | 0-0: Ball 1-0:  Fly out, F7  (Flyball, 78M, EV 78.1 MPH)
 |  
		| Batting: RHB Daniel Jackson | 0-0: SINGLE  (Line Drive, 9S, EV 95.6 MPH) |  
		| Batting: RHB Luke Vaccarino | 0-0: Ball 1-0: Ball
 2-0: Called Strike
 2-1:  Fly out, F9  (Flyball, 89S, EV 96.9 MPH)
 |  
		| Batting: RHB Jonathan Mendoza | 0-0: Called Strike 0-1: Foul Ball, location: 2F
 0-2: Ball
 1-2: Strikes out swinging
 |  
		| Bottom of the 1st over - 0 runs, 1 hit, 0 errors, 1 left on base; Arkansas 0 - Bowie 0 |  
	| TOP OF THE 2ND | 
|---|
 
		| Arkansas Travelers batting - Pitching for Bowie Baysox : RHP Jonathan Spicer |  
		| Batting: RHB Kyler Seitz | 0-0: Called Strike 0-1: Ball
 1-1: Foul Ball, location: 2F
 1-2: Ball
 2-2: Ball
 3-2: SINGLE  (Line Drive, 7S, EV 110.6 MPH)
 |  
		| Batting: LHB Mutsuo IIda | 0-0: Called Strike 0-1: Swinging Strike
 0-2: Ball
 1-2: Strikes out swinging
 |  
		| Batting: RHB T.J. Gray | 0-0: Called Strike 0-1:  Fly out, F9  (Flyball, 89M, EV 93.8 MPH)
 |  
		| Batting: LHB Spencer Palmer | 0-0: Called Strike 0-1: Swinging Strike
 0-2: Ball
 1-2: Strikes out looking
 |  
		| Top of the 2nd over - 0 runs, 1 hit, 0 errors, 1 left on base; Arkansas 0 - Bowie 0 |  
	| BOTTOM OF THE 2ND | 
|---|
 
		| Bowie Baysox batting - Pitching for Arkansas Travelers : RHP Getachew El Sayed |  
		| Batting: SHB Chris Wright | 0-0: Called Strike 0-1: Called Strike
 0-2: Strikes out swinging
 |  
		| Batting: RHB Joe Young | 0-0: Bunted foul 0-1: SINGLE  (Line Drive, 78S, EV 101.2 MPH)
 |  
		| Batting: RHB Josh Hopp | 0-0: Ball Joe Young steals 2nd base (no throw)
 1-0:  Fly out, F7  (Flyball, 78S, EV 83.1 MPH)
 |  
		| Batting: RHB Wil Ochoa | 0-0: Called Strike 0-1: Foul Ball, location: 2F
 0-2: Ball
 1-2: Ball
 2-2: Strikes out swinging
 |  
		| Bottom of the 2nd over - 0 runs, 1 hit, 0 errors, 1 left on base; Arkansas 0 - Bowie 0 |  
	| TOP OF THE 3RD | 
|---|
 
		| Arkansas Travelers batting - Pitching for Bowie Baysox : RHP Jonathan Spicer |  
		| Batting: RHB Ryan Pelletier | 0-0: Called Strike 0-1: Swinging Strike
 0-2: Foul Ball, location: 2F
 0-2: Strikes out swinging
 |  
		| Batting: SHB Tim Connell | 0-0: Ball 1-0: Foul Ball, location: 2F
 1-1: Ground out 4-3 (Groundball, 34, EV 108.1 MPH)
 |  
		| Batting: RHB Nick Lombardo | 0-0: Called Strike 0-1: SINGLE  (Groundball, 56S, EV 71.9 MPH) (infield hit)
 |  
		| Batting: RHB Ricky Mejicanos | 0-0: Called Strike 0-1: Ball
 1-1:  Fly out, F8  (Flyball, 8RD, EV 86.2 MPH)
 |  
		| Top of the 3rd over - 0 runs, 1 hit, 0 errors, 1 left on base; Arkansas 0 - Bowie 0 |  
	| BOTTOM OF THE 3RD | 
|---|
 
		| Bowie Baysox batting - Pitching for Arkansas Travelers : RHP Getachew El Sayed |  
		| Batting: RHB Honório Szenes | 0-0: Called Strike 0-1: Foul Ball, location: 2F
 0-2: Ball
 1-2: Ground out 4-3 (Groundball, 4, EV 103.1 MPH)
 |  
		| Batting: RHB Alfredo Reguera | 0-0: Called Strike 0-1: Foul Ball, location: 2F
 0-2: Strikes out looking
 |  
		| Batting: RHB Daniel Jackson | 0-0: Called Strike 0-1: Ground out 6-3 (Groundball, 6, EV 86.9 MPH)
 |  
		| Bottom of the 3rd over - 0 runs, 0 hits, 0 errors, 0 left on base; Arkansas 0 - Bowie 0 |  
	| TOP OF THE 4TH | 
|---|
 
		| Arkansas Travelers batting - Pitching for Bowie Baysox : RHP Jonathan Spicer |  
		| Batting: RHB Juan Montez | 0-0: SINGLE  (Groundball, 6S, EV 70.6 MPH) (infield hit) |  
		| Batting: RHB Kyler Seitz | 0-0: Swinging Strike 0-1: Ball
 Juan Montez is caught stealing 2nd base 2-4
 1-1: Foul Ball, location: 2F
 1-2: Strikes out swinging
 |  
		| Batting: LHB Mutsuo IIda | 0-0: Foul Ball, location: 2F 0-1: Ground out 4-3 (Groundball, 4S, EV 82.5 MPH)
 |  
		| Top of the 4th over - 0 runs, 1 hit, 0 errors, 0 left on base; Arkansas 0 - Bowie 0 |  
	| BOTTOM OF THE 4TH | 
|---|
 
		| Bowie Baysox batting - Pitching for Arkansas Travelers : RHP Getachew El Sayed |  
		| Batting: RHB Luke Vaccarino | 0-0: Called Strike 0-1: Ground out 5-3 (Groundball, 56, EV 85.6 MPH)
 |  
		| Batting: RHB Jonathan Mendoza | 0-0: Called Strike 0-1: Ball
 1-1: Called Strike
 1-2: Foul Ball, location: 2F
 1-2: Ball
 2-2: Ball
 3-2: Base on Balls
 |  
		| Batting: SHB Chris Wright | 0-0: Called Strike 0-1: Swinging Strike
 0-2: Grounds into double play, 4-6-3 (Groundball, 4, EV 82.5 MPH)
 |  
		| Bottom of the 4th over - 0 runs, 0 hits, 0 errors, 0 left on base; Arkansas 0 - Bowie 0 |  
	| TOP OF THE 5TH | 
|---|
 
		| Arkansas Travelers batting - Pitching for Bowie Baysox : RHP Jonathan Spicer |  
		| Batting: RHB T.J. Gray | 0-0: Ball 1-0: SINGLE  (Groundball, 6S, EV 75.0 MPH) (infield hit)
 |  
		| Batting: LHB Spencer Palmer | 0-0: Called Strike 0-1: SINGLE  (Groundball, 6MD, EV 99.4 MPH)
 T.J. Gray to second
 |  
		| Batting: RHB Ryan Pelletier | 0-0: Foul Ball, location: 2F 0-1: Grounds into double play, 4-6-3 (Groundball, 4, EV 84.4 MPH)
 T.J. Gray to third
 |  
		| Batting: SHB Tim Connell | 0-0: DOUBLE  (Groundball, 5L, EV 103.8 MPH) T.J. Gray scores
 |  
		| Batting: RHB Nick Lombardo | 0-0: Foul Ball, location: 2F 0-1: Ball
 1-1: Ground out 6-3 (Groundball, 6M, EV 101.9 MPH)
 |  
		| Top of the 5th over - 1 run, 3 hits, 0 errors, 1 left on base; Arkansas 1 - Bowie 0 |  
	| BOTTOM OF THE 5TH | 
|---|
 
		| Bowie Baysox batting - Pitching for Arkansas Travelers : RHP Getachew El Sayed |  
		| Batting: RHB Joe Young | 0-0: Called Strike 0-1:  Fly out, F8  (Flyball, 89D, EV 103.8 MPH)
 |  
		| Batting: RHB Josh Hopp | 0-0: Ball 1-0: Ball
 2-0: Called Strike
 2-1:  Fly out, F7  (Flyball, 78M, EV 88.1 MPH)
 |  
		| Batting: RHB Wil Ochoa | 0-0: Called Strike 0-1:  Fly out, F8  (Flyball, 8LS, EV 76.9 MPH)
 |  
		| Bottom of the 5th over - 0 runs, 0 hits, 0 errors, 0 left on base; Arkansas 1 - Bowie 0 |  
	| TOP OF THE 6TH | 
|---|
 
		| Arkansas Travelers batting - Pitching for Bowie Baysox : RHP Jonathan Spicer |  
		| Batting: RHB Ricky Mejicanos | 0-0: Ball 1-0: Called Strike
 1-1: Ball
 2-1: Ball
 3-1: Base on Balls
 |  
		| Batting: RHB Juan Montez | 0-0: Ball 1-0: Ball
 2-0: Called Strike
 2-1: Foul Ball, location: 2F
 2-2: Foul Ball, location: 2F
 2-2: Ball
 Ricky Mejicanos steals 2nd, throwing error, E2
 Ricky Mejicanos to third
 3-2: Intentional Walk
 |  
		| Batting: RHB Kyler Seitz | 0-0: Grounds into double play, 4-6-3 (Groundball, 34S, EV 81.2 MPH) Ricky Mejicanos scores
 |  
		| Batting: LHB Mutsuo IIda | 0-0: Ball 1-0: Ball
 2-0: Ball
 3-0: Base on Balls
 |  
		| Batting: RHB T.J. Gray | 0-0: Called Strike 0-1: Ball
 Mutsuo IIda is caught stealing 2nd base 2-4
 |  
		| Top of the 6th over - 1 run, 0 hits, 1 error, 0 left on base; Arkansas 2 - Bowie 0 |  
	| BOTTOM OF THE 6TH | 
|---|
 
		| Bowie Baysox batting - Pitching for Arkansas Travelers : RHP Getachew El Sayed |  
		| Batting: RHB Honório Szenes | 0-0: Foul Ball, location: 2F 0-1: Ball
 1-1: Foul Ball, location: 2F
 1-2: Ball
 2-2: Foul Ball, location: 2F
 2-2: Hit by Pitch
 |  
		| Batting: RHB Alfredo Reguera | 0-0: Called Strike 0-1: Foul Ball, location: 2F
 0-2: Foul Ball, location: 2F
 0-2: Ball
 1-2: Ball
 2-2: Ball
 3-2: SINGLE  (Line Drive, 89S, EV 103.1 MPH)
 Honório Szenes to second
 Honório Szenes to third
 |  
		| Batting: RHB Daniel Jackson | 0-0: Called Strike Alfredo Reguera is caught stealing 2nd base 2-4
 0-1: Foul Ball, location: 2F
 0-2: Ball
 1-2: Foul Ball, location: 2F
 1-2: Foul Ball, location: 2F
 1-2: SINGLE  (Line Drive, 4D, EV 97.5 MPH)
 Honório Szenes scores
 |  
		| Batting: RHB Luke Vaccarino | 0-0: Ball 1-0: Ball
 2-0: Called Strike
 2-1:  2-RUN HOME RUN  (Flyball, 78XD, EV 106.2 MPH), Distance : 429 ft
 |  
		| Pitching: RHP Kennie Williams |  |  
		| Batting: RHB Jonathan Mendoza | 0-0: SINGLE  (Groundball, 56D, EV 105.6 MPH) |  
		| Batting: SHB Chris Wright | 0-0: Ball 1-0: Grounds into double play, 6-4-3 (Groundball, 6, EV 77.5 MPH)
 |  
		| Bottom of the 6th over - 3 runs, 4 hits, 0 errors, 0 left on base; Arkansas 2 - Bowie 3 |  
	| TOP OF THE 7TH | 
|---|
 
		| Arkansas Travelers batting - Pitching for Bowie Baysox : RHP Jonathan Spicer |  
		| Batting: RHB T.J. Gray | 0-0: Foul Ball, location: 2F 0-1: Called Strike
 0-2: SINGLE  (Groundball, 13, EV 93.1 MPH) (infield hit)
 |  
		| Batting: LHB Spencer Palmer | 0-0: Swinging Strike 0-1: Foul Ball, location: 2F
 0-2: Strikes out looking
 |  
		| Batting: RHB Ryan Pelletier | 0-0: Ball 1-0: Called Strike
 T.J. Gray steals 2nd base
 1-1: Foul Ball, location: 2F
 1-2: SINGLE  (Line Drive, 9S, EV 92.5 MPH)
 T.J. Gray to third
 |  
		| Batting: SHB Tim Connell | 0-0: Ball Ryan Pelletier is caught stealing 2nd base 2-6
 1-0: Called Strike
 1-1: Ball
 2-1: Ground out 5-3 (Groundball, 5S, EV 61.9 MPH)
 |  
		| Top of the 7th over - 0 runs, 2 hits, 0 errors, 1 left on base; Arkansas 2 - Bowie 3 |  
	| BOTTOM OF THE 7TH | 
|---|
 
		| Bowie Baysox batting - Pitching for Arkansas Travelers : RHP Kennie Williams |  
		| Batting: RHB Joe Young | 0-0: Ball 1-0: Called Strike
 1-1: Called Strike
 1-2: Foul Ball, location: 2F
 1-2: Ball
 2-2: Strikes out looking
 |  
		| Batting: RHB Josh Hopp | 0-0: Ball 1-0: Ball
 2-0: Ball
 3-0: Called Strike
 3-1: Called Strike
 3-2: Foul Ball, location: 2F
 3-2: Ground out 1-3 (Groundball, 34S, EV 68.8 MPH)
 |  
		| Batting: RHB Wil Ochoa | 0-0: Foul Ball, location: 2F 0-1: Foul Ball, location: 2F
 0-2: Ball
 1-2: Ball
 2-2: Ball
 3-2: Strikes out swinging
 |  
		| Bottom of the 7th over - 0 runs, 0 hits, 0 errors, 0 left on base; Arkansas 2 - Bowie 3 |  
	| TOP OF THE 8TH | 
|---|
 
		| Arkansas Travelers batting - Pitching for Bowie Baysox : RHP Jonathan Spicer |  
		| Batting: RHB Nick Lombardo | 0-0: Called Strike 0-1: Foul Ball, location: 2F
 0-2: Foul Ball, location: 2F
 0-2: Ball
 1-2: Ball
 2-2: Ball
 3-2:  Fly out, F4  (Popup, 4S, EV 78.1 MPH)
 |  
		| Pitching: RHP Harley Hyde |  |  
		| Batting: RHB Ricky Mejicanos | 0-0: Foul Ball, location: 2F 0-1: Ball
 1-1: Foul Ball, location: 2F
 1-2: Ball
 2-2: Foul Ball, location: 2F
 2-2: Ball
 3-2: Base on Balls
 |  
		| Batting: RHB Juan Montez | 0-0: Ball 1-0: Ground out 4-3 (Groundball, 4MS, EV 76.9 MPH)
 Ricky Mejicanos to second
 |  
		| Batting: RHB Kyler Seitz | 0-0: Foul Ball, location: 2F 0-1: Ball
 1-1: Ground out 2-3 (Groundball, 15S, EV 68.1 MPH)
 |  
		| Top of the 8th over - 0 runs, 0 hits, 0 errors, 1 left on base; Arkansas 2 - Bowie 3 |  
	| BOTTOM OF THE 8TH | 
|---|
 
		| Bowie Baysox batting - Pitching for Arkansas Travelers : RHP Kennie Williams |  
		| Pitching: RHP Nick Madrid |  |  
		| Batting: RHB Honório Szenes | 0-0: Ball 1-0: Ball
 2-0: Called Strike
 2-1: Ball
 3-1: Called Strike
 3-2: Foul Ball, location: 2F
 3-2: Strikes out swinging
 |  
		| Batting: RHB Alfredo Reguera | 0-0: Called Strike 0-1: Foul Ball, location: 2F
 0-2: Ball
 1-2: Ball
 2-2: Ball
 3-2: Ground out 2-3 (Groundball, 13S, EV 67.5 MPH)
 |  
		| Batting: RHB Daniel Jackson | 0-0: Ball 1-0: Ball
 2-0: Foul Ball, location: 2F
 2-1: Foul Ball, location: 2F
 2-2: Ball
 3-2: Foul Ball, location: 2F
 3-2: Ground out 3-1 (Groundball, 34, EV 103.1 MPH)
 |  
		| Bottom of the 8th over - 0 runs, 0 hits, 0 errors, 0 left on base; Arkansas 2 - Bowie 3 |  
	| TOP OF THE 9TH | 
|---|
 
		| Arkansas Travelers batting - Pitching for Bowie Baysox : RHP Harley Hyde |  
		| Pitching: RHP Manny Rolfe |  |  
		| Batting: LHB Mutsuo IIda | 0-0: Called Strike 0-1: Foul Ball, location: 2F
 0-2: Ball
 1-2: Ball
 2-2: Foul Ball, location: 2F
 2-2: Strikes out swinging
 |  
		| Batting: RHB T.J. Gray | 0-0: Ball 1-0: Called Strike
 1-1: Ball
 2-1: Foul Ball, location: 2F
 2-2: Strikes out swinging
 |  
		| Batting: LHB Spencer Palmer | 0-0: Called Strike 0-1: Swinging Strike
 0-2: Strikes out swinging
 |  
		| Top of the 9th over - 0 runs, 0 hits, 0 errors, 0 left on base; Arkansas 2 - Bowie 3 |  |